 Dungeon Crawl Stone Soup version 0.23-a0-171-g5ae17c6 (webtiles) character file.

679 Libron the Slasher (level 7, 0/46 HPs)
             Began as a Human Fighter on Sept 15, 2018.
             Succumbed to a scorpion's poison
             ... on level 5 of the Dungeon.
             The game lasted 00:19:15 (4723 turns).

Libron the Slasher (Human Fighter)                  Turns: 4723, Time: 00:19:16

Health: 0/46       AC:  6    Str: 21    XL:     7   Next: 92%
Magic:  7/7        EV:  8    Int: 11    God:
Gold:   278        SH: 11    Dex: 12    Spells: 6/6 levels left

rFire    . . .     SeeInvis .   a - +0 long sword
rCold    . . .     Gourm    .   c - +1 shield
rNeg     . . .     Faith    .   s - +0 ring mail
rPois    .         Spirit   .   (no helmet)
rElec    .         Reflect  .   (no cloak)
rCorr    .         Harm     .   (no gloves)
MR       +....                  u - +0 pair of boots
Stlth    +.........             r - amulet of the acrobat
HPRegen  0.15/turn              (no ring)
MPRegen  0.10/turn              (no ring)

@: mighty, lethally poisoned (0 -> -7), very slightly contaminated
A: clever 1, frail 1, magic resistance 1, weak 1
a: no special abilities


You were on level 5 of the Dungeon.
You were not hungry.

You visited 1 branch of the dungeon, and saw 5 of its levels.

You collected 278 gold pieces.

Inventory:

Hand Weapons
 a - a +0 long sword (weapon)
 e - a +2 dagger of holy wrath
Armour
 b - a +0 scale mail
 c - a +1 shield (worn)
 h - a +0 large shield
 s - a +0 ring mail (worn)
 u - a +0 pair of boots (worn)
Jewellery
 m - an uncursed amulet of guardian spirit
 r - an amulet of the acrobat (around neck)
Wands
 i - a wand of iceblast (5)
Scrolls
 g - 2 scrolls of remove curse
 j - 2 scrolls of fog
 o - a scroll of random uselessness {unknown}
 t - 3 scrolls of teleportation
Potions
 d - 2 potions of flight
 l - 2 potions of brilliance
 n - 2 potions of cancellation
Comestibles
 f - 10 rations


   Skills:
 - Level 3.0 Fighting
 - Level 7.0 Long Blades
 - Level 3.0 Armour
 + Level 5.3 Shields


You had 6 spell levels left.
You didn't know any spells.
Your spell library contained the following spells:

 Spells                   Type           Power        Failure   Level  Hunger
 Summon Small Mammal      Summ           #...         90%         1    ##.....
 Call Imp                 Summ           #.......     97%         2    ###....
 Call Canine Familiar     Summ           #.......     99%         3    ####...
 Summon Guardian Golem    Hex/Summ       #.......     99%         3    ####...
 Summon Ice Beast         Ice/Summ       #.......     100%        4    #####..
 Summon Lightning Spire   Summ/Air       #.......     100%        4    #####..


Dungeon Overview and Level Annotations

Branches:
Dungeon (5/15)
 Temple: D:4-7

Altars:
Fedhas
Trog
Uskayaw
Wu Jian

Annotations:
D:4 1 runed door, Scuka's ghost, amateur GrFi


Innate Abilities, Weirdness & Mutations

Your mind is acute. (Int +2)
You are frail. (-10% HP)
You are resistant to hostile enchantments. (MR+)
You are weak. (Str -2)


Message History

As you read the scroll labeled JEMMERCHAWNE, it crumbles to dust.
You feel blessed for a moment.
It was a scroll of remove curse.
* * * LOW HITPOINT WARNING * * *
You feel sick.
As you read the scroll labeled ERUTABRINN, it crumbles to dust.
It is a scroll of enchant armour.
Your +0 shield glows green for a moment.
* * * LOW HITPOINT WARNING * * *
You feel sick.
As you read the scroll labeled DIHUWI YFEILOGH, it crumbles to dust.
The scroll dissolves into smoke.
It was a scroll of fog.
Your surroundings suddenly seem different.
* * * LOW HITPOINT WARNING * * *
You feel sick.
Blink to where?
Press: ? - help, Dir - move target cursor You are very lightly contaminated with residual magic.
As you read the scroll labeled MIMEUCL CIMISTE, it crumbles to dust.
It was a scroll of blinking.
You die...

#......# #
#.##.#.#..#
#......#..#
#<.....#..#
#.........#
#......#..#
####..###.## ...
+..........#
#....#####.###§@#
#....#####..##..#
#.......)...##..#
#...(........#..#
#..........#.#..#
........?.#....#
.##......##...#
#...†..##...#####
#...............#


There were no monsters in sight!

Vanquished Creatures
  An ice beast (D:4)
  An ogre (D:4)
  3 scorpions
  An orc priest (D:4)
  A hound (D:3)
  An orc wizard (D:4)
  An iguana (D:4)
  3 worker ants
  8 adders
  An ooze (D:4)
  3 worms
  4 dart slugs
  A leopard gecko (D:2)
  9 orcs (D:4)
  2 giant cockroaches
  9 goblins
  9 hobgoblins
  A quokka (D:2)
  3 ball pythons
  3 bats
  5 frilled lizards
  9 kobolds
  4 rats
83 creatures vanquished.

Notes
Turn   | Place    | Note
-------+----------+-------------------------------------------
     0 | D:1      | Libron the Human Fighter began the quest for the Orb.
     0 | D:1      | Reached XP level 1. HP: 18/18 MP: 1/1
   128 | D:1      | Reached XP level 2. HP: 22/24 MP: 2/2
   134 | D:1      | You fall through a shaft!
   218 | D:2      | Found a faded altar of an unknown god.
   219 | D:2      | Gained mutation: You are weak. (Str -2) [potion of
                  | mutation]
   219 | D:2      | Gained mutation: You have supernaturally acute eyesight.
                  | (SInv) [potion of mutation]
   219 | D:2      | Gained mutation: Your flesh is cold resistant. (rC+)
                  | [potion of mutation]
   219 | D:2      | Gained mutation: You expend magic power (3 MP) to
                  | strengthen your wands. [potion of mutation]
   220 | D:2      | Lost mutation: You expend magic power (3 MP) to strengthen
                  | your wands. [potion of mutation]
   220 | D:2      | Lost mutation: Your flesh is cold resistant. (rC+) [potion
                  | of mutation]
   220 | D:2      | Lost mutation: You are weak. (Str -2) [potion of mutation]
   220 | D:2      | Lost mutation: You have supernaturally acute eyesight.
                  | (SInv) [potion of mutation]
   220 | D:2      | Gained mutation: Your spells are a little harder to cast,
                  | but a little more powerful. [potion of mutation]
   220 | D:2      | Gained mutation: You are partially covered in thin metallic
                  | scales. (AC +2) [potion of mutation]
   566 | D:1      | Reached XP level 3. HP: 29/29 MP: 3/3
  1253 | D:2      | Reached skill level 3 in Long Blades
  1349 | D:2      | Reached XP level 4. HP: 35/35 MP: 4/4
  1841 | D:2      | Found a hide-covered altar of Uskayaw.
  2106 | D:2      | Reached skill level 4 in Long Blades
  2367 | D:3      | Reached XP level 5. HP: 35/41 MP: 5/5
  2514 | D:3      | Lost mutation: Your spells are a little harder to cast, but
                  | a little more powerful. [potion of mutation]
  2514 | D:3      | Lost mutation: You are partially covered in thin metallic
                  | scales. (AC +2) [potion of mutation]
  2514 | D:3      | Gained mutation: You are frail. (-10% HP) [potion of
                  | mutation]
  2514 | D:3      | Gained mutation: Your mind is acute. (Int +2) [potion of
                  | mutation]
  2514 | D:3      | Gained mutation: You are weak. (Str -2) [potion of
                  | mutation]
  2514 | D:3      | Gained mutation: You are resistant to hostile enchantments.
                  | (MR+) [potion of mutation]
  2918 | D:3      | Found a blossoming altar of Fedhas.
  2992 | D:4      | Found an ornate altar of the Wu Jian Council.
  3056 | D:4      | Noticed an ice beast
  3163 | D:4      | Reached skill level 5 in Long Blades
  3217 | D:4      | Reached XP level 6. HP: 35/42 MP: 6/6
  3244 | D:4      | Reached skill level 6 in Long Blades
  3484 | D:4      | Found a bloodstained altar of Trog.
  3559 | D:4      | Noticed an ogre
  3571 | D:4      | Killed an ogre
  3571 | D:4      | Reached XP level 7. HP: 29/46 MP: 7/7
  3574 | D:4      | Reached skill level 7 in Long Blades
  4598 | D:4      | Found a runed door.
  4599 | D:4      | Noticed Scuka's ghost (amateur GrFi)
  4664 | D:5      | Entered Level 5 of the Dungeon
  4698 | D:5      | Reached skill level 5 in Shields
  4721 | D:5      | HP: 2/46 [poisoned by a scorpion]
  4723 | D:5      | Succumbed to a scorpion's poison

Vault maps used:
D:1:      dpeg_arrival_tiny_c, minivault_5, minmay_statues_item
D:2:      marbit_many_paths, chequers_ecumenical_altar_simple
D:3:      fedhas_altar_4, first_ration, hangedman_decor_clover_reticule
D:4:      grunt_temple_overflow_open, gammafunk_ghost_grave, serial_park_tiny_2,
          corexii_shack
D:5:      basic_altar, serial_shops, shop

Skill      XL: |  1  2  3  4  5  6  7 |
---------------+----------------------+-----
Long Blades    | 3 4 5 6 7 |  7.0
Shields        | 5 |  5.3
Fighting       | |  3.0
Armour         | |  3.0

Action                   |  1- 3 |  4- 6 |  7- 9 || total
-------------------------+-------+-------+-------++-------
Melee: Long sword        |   105 |   206 |    70 ||   381
  Use: Potion            |     4 |     6 |     3 ||    13
       Scroll            |     1 |     3 |     5 ||     9
  Eat: Chunk             |     2 |     7 |       ||     9
       Ration            |       |       |     1 ||     1
Armor: Scale mail        |    48 |    93 |       ||   141
       Ring mail         |       |     2 |    19 ||    21
Dodge: Dodged            |    26 |    78 |    26 ||   130
Block: Shield            |    34 |    84 |    33 ||   151
       Rpst.: Long sword |     6 |    25 |    12 ||    43

Table legend:
 A = Non-vault XP
 B = Vault XP
 C = Vault XP percentage of total XP
 D = Non-vault monster count
 E = Vault monster count
 F = Vault count percentage of total count
                 A         B        C        D         E       F
            +---------+---------+-------+---------+---------+-------
      Total |     963 |       8 |   0.8 |      81 |       2 |   2.4
            +---------+---------+-------+---------+---------+-------
        D:1 |      33 |       0 |   0.0 |      17 |       0 |   0.0
        D:2 |      95 |       5 |   5.0 |      26 |       1 |   3.7
        D:3 |      93 |       0 |   0.0 |      13 |       0 |   0.0
        D:4 |     636 |       3 |   0.5 |      23 |       1 |   4.2
        D:5 |     106 |       0 |   0.0 |       2 |       0 |   0.0
            +---------+---------+-------+---------+---------+-------
